 Dungeon Crawl Stone Soup version 0.24-a0-549-g45f0056d81 (webtiles) character file.

Game seed: 10382268970677469932

113318 Peloso the Fencer (level 16, -6/151 HPs)
             Began as a Minotaur Fighter on Aug 20, 2019.
             Was the Champion of Okawaru.
             Killed from afar by a thorn hunter (11 damage)
             ... with a volley of thorns
             ... on level 2 of the Swamp.
             The game lasted 01:12:34 (27177 turns).

Peloso the Fencer (Minotaur Fighter)               Turns: 27177, Time: 01:12:35

Health: -6/151     AC: 21    Str: 27    XL:     16   Next: 13%
Magic:  17/17      EV: 10    Int:  5    God:    Okawaru [******]
Gold:   1513       SH: 15    Dex: 15    Spells: 15/15 levels left

rFire    . . .     SeeInvis .   a - +6 double sword (slice)
rCold    + + +     Gourm    .   c - +0 shield
rNeg     . . .     Faith    .   z - +0 plate armour
rPois    +         Spirit   .   w - +0 hat of Daisies {rC+ MR+ Stlth+}
rElec    +         Reflect  .   I - scarf {repulsion}
rCorr    .         Harm     .   B - +1 pair of gloves
MR       +++..                  N - +0 pair of boots "Fitireac" {rPois MR+ Dex+4}
Stlth    ..........             r - amulet of regeneration
HPRegen  0.75/turn              s - +3 ring of slaying
MPRegen  0.15/turn              i - ring "Kettemi" {Wiz rElec rPois rC++}

@: repel missiles, very slow
A: retaliatory headbutt, horns 2
a: Heroism, Finesse, Renounce Religion


You were on level 2 of the Swamp.
You worshipped Okawaru.
Okawaru was exalted by your worship.
You were not hungry.

You visited 4 branches of the dungeon, and saw 25 of its levels.
You also visited: Ossuary and Gauntlet.

You collected 2553 gold pieces.
You spent 1040 gold pieces at shops.

Inventory:

Hand Weapons
 a - a +6 double sword of slicing (weapon)
 y - a +2 broad axe of flaming
Armour
 b - a +3 scale mail of fire resistance
 c - a +0 shield (worn)
 j - the +0 scale mail of the Sun {+Fly MR- Int+6, unknown}
   (Okawaru gifted it to you on level 15 of the Dungeon)

   It affects your intelligence (+6).
   It affects your resistance to hostile enchantments.
   It lets you fly.
 v - +0 swamp dragon scales
 w - the +0 hat of Daisies (worn) {rC+ MR+ Stlth+}
   (Okawaru gifted it to you on level 13 of the Dungeon)

   It protects you from cold.
   It affects your resistance to hostile enchantments.
   It makes you more stealthy.
 z - a +0 plate armour (worn)
 B - a +1 pair of gloves (worn)
 I - a scarf of repulsion (worn)
 N - the +0 pair of boots "Fitireac" (worn) {rPois MR+ Dex+4}
   (You bought it in a shop on level 11 of the Dungeon)

   It affects your dexterity (+4).
   It protects you from poison.
   It affects your resistance to hostile enchantments.
 P - a +0 pair of boots of flying
Jewellery
 e - an uncursed ring of see invisible
 i - the ring "Kettemi" (right hand) {Wiz rElec rPois rC++}
   (You found it on level 15 of the Dungeon)

   [ring of wizardry]

   It improves your spell success rate.
   It greatly protects you from cold.
   It insulates you from electricity.
   It protects you from poison.
 r - an amulet of regeneration (around neck)
 s - a +3 ring of slaying (left hand)
 F - a +2 ring of protection
 U - an uncursed ring of flight
Wands
 q - a wand of paralysis (4)
 x - a wand of flame (27)
 D - a wand of digging (3)
 H - a wand of iceblast (6)
Scrolls
 h - a scroll of summoning
 m - 9 scrolls of teleportation
 n - 2 scrolls of fear
 p - a scroll of magic mapping
 t - 2 scrolls of noise
 A - a scroll of fog
 C - 10 scrolls of remove curse
 E - 8 scrolls of identify
Potions
 d - 3 potions of might
 g - 8 potions of haste
 k - 2 potions of resistance
 l - 9 potions of curing
 o - 6 potions of agility
 u - 2 potions of flight
 G - 3 potions of heal wounds
 K - a potion of berserk rage
 R - 3 potions of invisibility
Comestibles
 f - 36 rations


   Skills:
 + Level 16.1 Fighting
 + Level 18.2 Long Blades
 + Level 4.6 Axes
 + Level 15.2 Armour
 + Level 4.3 Dodging
 + Level 1.1 Stealth
 + Level 16.6 Shields
 + Level 3.2 Invocations


You had 15 spell levels left.
You didn't know any spells.
Your spell library contained the following spells:

 Spells                   Type           Power        Failure   Level  Hunger
 Animate Skeleton         Necr           N/A          77%         1    ##.....
 Apportation              Tloc           #.....       77%         1    ##.....
 Beastly Appendage        Tmut           #.....       77%         1    ##.....
 Confusing Touch          Hex            #.....       77%         1    ##.....
 Flame Tongue             Conj/Fire      #....        77%         1    ##.....
 Magic Dart               Conj           #...         77%         1    ##.....
 Summon Small Mammal      Summ           #...         77%         1    ##.....
 Call Imp                 Summ           #.......     87%         2    ###....
 Searing Ray              Conj           #.....       87%         2    ###....
 Sticks to Snakes         Tmut           #.......     87%         2    ###....
 Throw Flame              Conj/Fire      #.....       87%         2    ###....
 Call Canine Familiar     Summ           #.......     98%         3    ####...
 Conjure Flame            Conj/Fire      #.......     98%         3    ####...
 Dazzling Spray           Conj/Hex       #.....       98%         3    ####...
 Inner Flame              Hex/Fire       #.......     98%         3    ####...
 Spider Form              Tmut/Pois      #.........   98%         3    ####...
 Summon Guardian Golem    Hex/Summ       #.......     98%         3    ####...
 Force Lance              Conj/Tloc      #.......     100%        4    #####..
 Fulminant Prism          Conj/Hex       #.........   100%        4    #####..
 Ice Form                 Ice/Tmut       #.......     100%        4    #####..
 Iskenderun's Mystic Bla  Conj           #.......     100%        4    #####..
 Sticky Flame             Conj/Fire      #.......     100%        4    #####..
 Summon Ice Beast         Ice/Summ       #.......     100%        4    #####..
 Summon Lightning Spire   Summ/Air       #.......     100%        4    #####..
 Blade Hands              Tmut           #.........   100%        5    ######.
 Fireball                 Conj/Fire      #.........   100%        5    ######.
 Irradiate                Conj/Tmut      #.........   100%        5    ######.
 Hydra Form               Tmut           #.........   100%        6    #######
 Statue Form              Tmut/Erth      #........    100%        6    #######
 Dragon Form              Tmut           #.........   100%        7    #######


Dungeon Overview and Level Annotations

Branches:
Dungeon (15/15)            Temple (0/1) D:6            Lair (6/6) D:9
  Swamp (2/4) Lair:2        Snake (0/4) Lair:4        Slime (0/5) Lair:5
    Orc (2/2) D:9             Elf (0/3) Orc:2        Vaults (0/5) D:14
 Depths (0/5) D:15

Altars:
Cheibriados
Dithmenos
Elyvilon
Fedhas
Kikubaaqudgha
Makhleb
Okawaru
Trog
Uskayaw
Vehumet
Xom
Yredelemnul
Zin
The Shining One
Beogh

Shops:
D:8 (   D:11 :[*   D:13 *   Orc:1 (   Orc:2 :=[(

Annotations:
D:5 1 runed translucent door, blacksnow's ghost, novice MiBe


Innate Abilities, Weirdness & Mutations

You reflexively headbutt those who attack you in melee.
You have a pair of horns on your head.


Message History

Okawaru accepts your kill.
You hear a shout!
The spriggan rider hits you but does no damage.
Unknown command.
Why would you want to do that?
The thorn hunter fires a volley of thorns at you.
The volley of thorns hits you!!!
* * * LOW HITPOINT WARNING * * *
You block the spriggan rider's attack.
You enter the shallow water.
Moving in this stuff is going to be slow.
The thorn hunter hits the briar patch.
The thorn hunter hits the briar patch!
The briar patch is destroyed!
The spriggan rider hits you from afar with a cursed -1 spear!
* * * LOW HITPOINT WARNING * * *
You block the spriggan rider's attack.
The thorn hunter hits the briar patch. x2
You block the spriggan rider's attack.
The thorn hunter fires a volley of thorns at you.
The volley of thorns hits you!
You die...

♣.. ......≈≈.. . ≈♣...
.≈≈≈.≈.≈.♣ ♣.≈≈ ....
..≈≈≈....≈ .≈≈≈
≈..#####..≈≈....♣♣♣≈.
..##...##PP......Pf♣♣ .
.##.÷....#P......PPP♣♣..
.#...#...#P.....iPPPP[..
....###..PP....≈≈≈<..≈§≈
.+...#...PP.≈..≈@..≈.≈≈.
..#.....##P.≈...≈♣♣..≈≈≈
..##..)##PP.≈...♣..≈.≈≈.
♣..###.#.PP...≈♣♣.≈....≈
♣♣.......P♣≈♣♣♣♣ ♣..>..
≈.......≈♣P♣♣ ♣♣≈≈≈
♣♣.....§≈PP≈♣♣♣♣♣ .≈≈
♣≈..≈.♣♣≈.≈♣♣♣≈≈♣ .≈
.≈≈≈.♣♣♣.♣♣♣♣≈≈.♣


You could see a thorn hunter and a spriggan rider.

Vanquished Creatures
  A tentacled monstrosity (Swamp:1)
  Rupert (Lair:2)
  Jorgrun (D:9)
  A thorn hunter (Swamp:2)
  An orc warlord (Orc:2)
  A minotaur (Gauntlet)
  Snorg (Lair:3)
  Erolcha (D:13)
  A vault guard (D:14)
  Harold (Lair:2)
  11 hydras
  A ghost crab (Swamp:1)
  3 centaur warriors
  A merfolk avatar (Lair:6)
  A catoblepas (D:14)
  A death knight (D:10)
  An ogre mage (D:14)
  5 death yaks
  3 tengu warriors (D:15)
  5 two-headed ogres
  4 alligators
  2 orc high priests (Orc:2)
  Nergalle (Orc:1)
  2 sixfirhies (Gauntlet)
  A sea snake (Lair:6)
  A spriggan druid (Swamp:2)
  A glowing orange brain (D:15)
  3 swamp dragons
  3 unseen horrors
  A wolf spider zombie (D:14)
  3 orc knights
  A phantasmal warrior (D:10)
  A deep elf mage (D:9)
  3 orc sorcerers (Orc:2)
  4 cyclopes
  12 ugly things
  A manticore (Lair:6)
  16 elephants
  2 black mambas
  A torpor snail (Lair:6)
  4 gargoyles
  16 spiny frogs
  5 rime drakes
  7 komodo dragons
  4 kobold demonologists
  A yaktaur (D:15)
  2 freezing wraiths (D:10)
  5 trolls
  A tengu conjurer (D:15)
  A harpy zombie (D:13)
  4 polar bears
  Prince Ribbit (Lair:3)
  2 wind drakes (Lair:6)
  2 wolf spider simulacra (Gauntlet)
  11 hornets
  2 tyrant leeches
  22 blink frogs
  6 dream sheep (Lair:5)
  A hippogriff (shapeshifter) (D:15)
  7 slime creatures
  2 centaur simulacra (Gauntlet)
  7 hippogriffs
  A shadow (D:13)
  3 wyverns
  2 water elementals (D:13)
  A spriggan (Swamp:2)
  A vampire (D:15)
  38 yaks
  2 wraiths
  3 basilisks
  A hog (shapeshifter) (D:15)
  2 hungry ghosts
  11 vampire mosquitoes
  A warg (Orc:2)
  Menkaure (D:6)
  7 swamp worms
  4 insubstantial wisps (Swamp:1)
  A soldier ant (shapeshifter) (D:15)
  2 soldier ants
  A hydra simulacrum (Gauntlet)
  An acid dragon (D:14)
  7 porcupines
  Duvessa (D:6)
  15 water moccasins
  A sky beast (D:10)
  3 swamp drakes
  An ice beast (shapeshifter) (D:15)
  36 orc warriors
  4 black bears
  7 ice beasts
  3 necrophages
  An eye of draining (D:15)
  A wolf (shapeshifter) (D:15)
  13 ogres
  13 centaurs
  2 phantoms
  10 crocodiles
  7 big kobolds
  13 bullfrogs
  2 wyvern zombies
  Dowan (D:6)
  12 scorpions
  3 killer bees (D:10)
  14 wights
  3 howler monkeys (D:8)
  3 electric eels (D:13)
  10 crimson imps
  A quasit (D:11)
  A bullfrog zombie (D:10)
  4 human zombies (Ossuary)
  A centaur zombie (Ossuary)
  6 hounds
  21 orc priests
  4 centaur skeletons
  4 jellies
  30 orc wizards
  3 bullfrog skeletons
  Terence (D:2)
  6 iguanas
  8 worker ants
  2 big kobold zombies (Ossuary)
  A hound skeleton (D:4)
  3 mummies (Ossuary)
  2 worker ant zombies
  8 gnolls
  7 scorpion zombies (Ossuary)
  8 adders
  5 shadow imps
  2 oozes
  An adder zombie (D:6)
  4 worms
  3 dart slugs
  4 leopard geckos
  101 orcs
  5 giant cockroaches
  7 goblins
  4 hobgoblins
  6 jackals
  2 quokkas (D:2)
  A ball python (D:7)
  6 bats
  9 frilled lizards
  A giant cockroach zombie (D:6)
  2 goblin zombies (Ossuary)
  28 kobolds
  A kobold zombie (Ossuary)
  2 leopard gecko zombies
  2 orc zombies (Ossuary)
  8 rats
  A briar patch (Swamp:2)
  A plant (Lair:6)
814 creatures vanquished.

Vanquished Creatures (others)
  An alligator (Swamp:1)
  A spriggan (Swamp:2)
  A vampire mosquito (Swamp:1)
  A scorpion (Ossuary)
  A briar patch (Swamp:2)
  4 fungi (Lair:6)
  32 plants
  4 toadstools (D:1)
  2 withered plants (D:5)
47 creatures vanquished.

Grand Total: 861 creatures vanquished

Notes
Turn   | Place    | Note
-------+----------+-------------------------------------------
     0 | D:1      | Peloso the Minotaur Fighter began the quest for the Orb.
     0 | D:1      | Reached XP level 1. HP: 19/19 MP: 0/0
    86 | D:1      | Reached XP level 2. HP: 26/27 MP: 1/1
   363 | D:1      | Reached skill level 3 in Long Blades
   363 | D:1      | Reached XP level 3. HP: 30/33 MP: 2/2
   857 | D:2      | Noticed Terence
   888 | D:2      | Killed Terence
   888 | D:2      | Reached XP level 4. HP: 14/41 MP: 3/3
  1074 | D:2      | Reached skill level 4 in Long Blades
  1529 | D:3      | Reached XP level 5. HP: 47/47 MP: 4/4
  1561 | D:3      | Found a blossoming altar of Fedhas.
  1563 | D:3      | Noticed an ice beast
  1572 | D:3      | Killed an ice beast
  1689 | D:3      | Found a glowing silver altar of Zin.
  1894 | D:3      | Found a glowing silver altar of Zin.
  1907 | D:3      | Reached skill level 5 in Long Blades
  2042 | D:4      | You fall into a shaft and drop 2 floors!
  2042 | D:6      | Found an iron altar of Okawaru.
  2042 | D:6      | Found a faded altar of an unknown god.
  2043 | D:6      | Found a faded altar of an unknown god.
  2048 | D:6      | Became a worshipper of Warmaster Okawaru
  2056 | D:6      | Found a snail-covered altar of Cheibriados.
  2067 | D:6      | Found a shimmering altar of Xom.
  2084 | D:6      | Reached skill level 1 in Dodging
  2084 | D:6      | Reached XP level 6. HP: 50/53 MP: 5/5
  2198 | D:6      | Found a basalt altar of Yredelemnul.
  2279 | D:6      | Noticed Duvessa
  2304 | D:6      | Killed Duvessa
  2304 | D:6      | Reached skill level 5 in Armour
  2304 | D:6      | Reached skill level 5 in Shields
  2312 | D:6      | Noticed Dowan
  2333 | D:6      | Killed Dowan
  2333 | D:6      | Reached skill level 6 in Long Blades
  2426 | D:6      | Found a staircase to the Ecumenical Temple.
  2439 | D:6      | Reached skill level 5 in Fighting
  2439 | D:6      | Reached XP level 7. HP: 61/61 MP: 6/6
  2484 | D:6      | Found a bloodstained altar of Trog.
  2502 | D:6      | Reached * piety under Okawaru
  2518 | D:6      | Noticed Menkaure
  2526 | D:6      | Killed Menkaure
  2526 | D:6      | Reached skill level 7 in Long Blades
  2736 | D:6      | Found an ancient bone altar of Kikubaaqudgha.
  3020 | D:5      | Entered Level 5 of the Dungeon
  3162 | D:5      | Reached XP level 8. HP: 69/69 MP: 7/7
  3189 | D:5      | Reached skill level 1 in Invocations
  3207 | D:5      | Reached ** piety under Okawaru
  3423 | D:5      | Reached skill level 8 in Long Blades
  3516 | D:5      | Found a runed translucent door.
  3517 | D:5      | Noticed blacksnow's ghost (novice MiBe)
  3789 | D:5      | Found a glowing golden altar of the Shining One.
  3929 | D:5      | Found a burning altar of Makhleb.
  4538 | D:4      | Found an iron altar of Okawaru.
  5105 | D:7      | Reached skill level 9 in Long Blades
  5108 | D:7      | Reached *** piety under Okawaru
  5108 | D:7      | Reached XP level 9. HP: 59/75 MP: 9/9
  5152 | D:7      | Found a hide-covered altar of Uskayaw.
  5152 | D:7      | Found a radiant altar of Vehumet.
  5234 | D:7      | Found a sand-covered staircase.
  5239 | Ossuary  | Entered an ossuary
  5691 | D:7      | Reached skill level 10 in Long Blades
  5700 | D:7      | Found a shadowy altar of Dithmenos.
  6379 | D:8      | Reached **** piety under Okawaru
  6379 | D:8      | Reached skill level 11 in Long Blades
  6878 | D:8      | Reached XP level 10. HP: 86/86 MP: 10/10
  6915 | D:8      | Found Notaisum's Weapon Shop.
  7035 | D:9      | Found a staircase to the Orcish Mines.
  7136 | D:9      | Found a white marble altar of Elyvilon.
  7309 | D:9      | Noticed a deep elf mage
  7321 | D:9      | Killed a deep elf mage
  7354 | D:9      | Found a staircase to the Lair.
  7546 | D:9      | Noticed a two-headed ogre
  7551 | D:9      | Killed a two-headed ogre
  7551 | D:9      | Reached ***** piety under Okawaru
  7857 | D:10     | Entered Level 10 of the Dungeon
  8052 | D:10     | Reached skill level 10 in Shields
  8061 | D:10     | Reached skill level 12 in Long Blades
  8986 | D:11     | Found Ybote's Antique Armour Boutique.
  9006 | D:11     | Bought a pair of faintly glowing boots for 218 gold pieces
  9013 | D:11     | Identified the cursed +0 pair of boots "Fitireac" {rPois
                  | MR+ Dex+4} (You bought it in a shop on level 11 of the
                  | Dungeon)
  9056 | D:11     | Noticed a white ugly thing
  9067 | D:11     | Killed a white ugly thing
  9377 | D:11     | Reached XP level 11. HP: 83/95 MP: 11/11
  9503 | D:11     | Found Qievvat's Book Emporium.
  9610 | D:11     | Noticed a cyan ugly thing
  9624 | D:11     | Killed a cyan ugly thing
  9722 | D:11     | Noticed a cyan ugly thing
  9732 | D:11     | Killed a cyan ugly thing
  9836 | D:11     | Noticed a death knight
  9836 | D:11     | Noticed a phantasmal warrior
 10284 | D:10     | Killed a phantasmal warrior
 10284 | D:10     | Reached skill level 10 in Armour
 10428 | D:10     | Reached skill level 13 in Long Blades
 10641 | D:10     | Killed a death knight
 10803 | D:11     | Found Lihizau's General Store.
 10814 | D:11     | Bought a scroll of enchant armour for 112 gold pieces
 11159 | D:12     | Noticed a two-headed ogre
 11177 | D:12     | Killed a two-headed ogre
 11177 | D:12     | Reached ****** piety under Okawaru
 11177 | D:12     | Received a gift from Okawaru
 11252 | D:12     | Noticed a white ugly thing
 11266 | D:12     | Killed a white ugly thing
 11491 | D:12     | Reached skill level 10 in Fighting
 11720 | Lair:1   | Entered Level 1 of the Lair of Beasts
 11859 | Lair:1   | Reached skill level 14 in Long Blades
 11859 | Lair:1   | Reached XP level 12. HP: 106/106 MP: 12/12
 11862 | Lair:1   | Received a gift from Okawaru
 12490 | Lair:2   | Noticed a death yak
 12491 | Lair:2   | Noticed a death yak
 12497 | Lair:2   | Noticed a death yak
 12498 | Lair:2   | Noticed a death yak
 12499 | Lair:2   | Noticed a death yak
 12507 | Lair:1   | Killed a death yak
 12552 | Lair:2   | Killed a death yak
 12555 | Lair:2   | Killed a death yak
 12558 | Lair:2   | Killed a death yak
 12564 | Lair:2   | Killed a death yak
 12584 | Lair:2   | Received a gift from Okawaru
 12588 | Lair:2   | Got a dazzling scale mail {god gift}
 12599 | Lair:2   | Identified the +0 scale mail of Hairiness {+Inv MR+}
                  | (Okawaru gifted it to you on level 2 of the Lair of Beasts)
 12638 | Lair:2   | Noticed Harold
 12655 | Lair:2   | Killed Harold
 12915 | Lair:2   | Reached skill level 15 in Long Blades
 13182 | Lair:2   | Found a staircase to the Swamp.
 13535 | Lair:3   | Noticed Rupert
 13958 | D:13     | Noticed Erolcha
 13960 | D:13     | Noticed a centaur warrior
 13967 | D:13     | Killed Erolcha
 13972 | D:13     | Killed a centaur warrior
 14084 | D:13     | Found Hiariur's Elemental Accessories.
 14136 | D:13     | Reached XP level 13. HP: 116/116 MP: 13/13
 14391 | D:13     | Reached skill level 16 in Long Blades
 14562 | D:13     | Received a gift from Okawaru
 14570 | D:13     | Got a spiked hat {god gift}
 14576 | D:13     | Identified the +0 hat of Daisies {rC+ MR+ Stlth+} (Okawaru
                  | gifted it to you on level 13 of the Dungeon)
 15339 | D:14     | Reached skill level 1 in Stealth
 15362 | D:14     | Found a gate to the Vaults.
 16224 | Lair:2   | Killed Rupert
 16405 | Lair:3   | Noticed Snorg
 16417 | Lair:3   | Killed Snorg
 16439 | Lair:3   | Noticed Prince Ribbit
 16448 | Lair:3   | Killed Prince Ribbit
 16641 | Lair:3   | Reached skill level 1 in Axes
 16658 | Lair:3   | Received a gift from Okawaru
 16665 | Lair:3   | Reached XP level 14. HP: 72/129 MP: 15/15
 17205 | Orc:1    | Entered Level 1 of the Orcish Mines
 17205 | Orc:1    | Found a roughly hewn altar of Beogh.
 17349 | Orc:1    | Noticed Jorgrun
 17423 | D:9      | Killed Jorgrun
 17502 | Orc:1    | Found Wedaanec's Antique Weapon Shoppe.
 17566 | Orc:1    | You fall into a shaft and drop 1 floor!
 17566 | Orc:2    | Entered Level 2 of the Orcish Mines
 17696 | Orc:1    | Noticed Nergalle
 17704 | Orc:1    | Killed Nergalle
 18223 | Orc:2    | Noticed an orc warlord
 18242 | Orc:2    | Reached skill level 17 in Long Blades
 18278 | Orc:2    | Killed an orc warlord
 18478 | Orc:2    | Received a gift from Okawaru
 18496 | Orc:2    | Found Reqiar's Antique Weapon Boutique.
 18497 | Orc:2    | Found a roughly hewn altar of Beogh.
 18504 | Orc:2    | Found Caufe's Antique Armour Shop.
 18539 | Orc:2    | Bought a runed scarf for 224 gold pieces
 18569 | Orc:2    | Found a roughly hewn altar of Beogh.
 18589 | Orc:2    | Found a staircase to the Elven Halls.
 18861 | Orc:2    | Found a roughly hewn altar of Beogh.
 18884 | Orc:2    | Found Geaje's Book Shop.
 19031 | Orc:2    | Found a roughly hewn altar of Beogh.
 19038 | Orc:2    | Found Qexzyph's Jewellery Shop.
 19399 | Orc:2    | Bought a glowing demon blade for 486 gold pieces
 20236 | Lair:4   | Found a staircase to the Snake Pit.
 20602 | Lair:5   | Reached skill level 15 in Shields
 20867 | Lair:5   | Found a staircase to the Slime Pits.
 21095 | Lair:5   | Reached XP level 15. HP: 55/139 MP: 16/16
 21447 | Lair:6   | Entered Level 6 of the Lair of Beasts
 21472 | Lair:6   | Found a gate leading to a gauntlet.
 21534 | Gauntlet | Entered a Gauntlet
 21534 | Gauntlet | Found a transporter.
 21543 | Gauntlet | Found a transporter.
 21557 | Gauntlet | Found a transporter.
 21561 | Gauntlet | Found a transporter.
 21576 | Gauntlet | Found a transporter.
 21591 | Gauntlet | Found a runed translucent gate.
 21592 | Gauntlet | Found a transporter.
 21592 | Gauntlet | Found a runed translucent gate.
 21593 | Gauntlet | Found a runed translucent gate.
 21605 | Gauntlet | Found a transporter.
 21622 | Gauntlet | Found a transporter.
 21626 | Gauntlet | Found a transporter.
 21637 | Gauntlet | Found a transporter.
 21658 | Gauntlet | Found a transporter.
 21690 | Gauntlet | Found a transporter.
 21898 | Gauntlet | Got a pair of crude gloves
 21910 | Gauntlet | Identified the +1 pair of gloves "Awegesab" {MR- Regen+
                  | Str-5 Int+9} (You found it in a Gauntlet)
 22020 | Gauntlet | Received a gift from Okawaru
 23411 | D:15     | Entered Level 15 of the Dungeon
 23517 | D:15     | Reached skill level 15 in Fighting
 24356 | D:15     | Got a coiled tin ring
 24755 | D:15     | Received a gift from Okawaru
 24758 | D:15     | Got a scorched scale mail {god gift}
 25089 | D:15     | Found a staircase to the Depths.
 25180 | D:15     | Identified the ring "Kettemi" {Wiz rElec rPois rC++} (You
                  | found it on level 15 of the Dungeon)
 25408 | Swamp:1  | Entered Level 1 of the Swamp
 25423 | Swamp:1  | Reached skill level 18 in Long Blades
 26385 | Swamp:1  | Noticed a tentacled monstrosity
 26407 | Swamp:1  | Killed a tentacled monstrosity
 26732 | Swamp:2  | Reached skill level 15 in Armour
 26737 | Swamp:2  | Reached XP level 16. HP: 112/151 MP: 17/17
 26808 | Swamp:2  | Noticed a thorn hunter
 26821 | Swamp:2  | Killed a thorn hunter
 27171 | Swamp:2  | Noticed a thorn hunter
 27176 | Swamp:2  | HP: 4/151 [spriggan rider/cursed -1 spear (8)]
 27177 | Swamp:2  | Killed from afar by a thorn hunter

Levels and vault maps discovered:
D:1:      ldierk_walled_garden_2, layout_loops_ring
D:2:      layout_loops_ring, uniq_terence
D:3:      layout_rooms, fedhas_altar_fruit_tree, nicolae_overflow_crystal_walls,
          lemuel_altar_in_water
D:4:      layout_gridville, kennysheep_okawaru_gauntlet
D:5:      layout_loops_corners, marbit_many_paths,
          nicolae_overflow_hidden_temple, gammafunk_ghost_grave, first_ration,
          roderic_serpentine_path
D:6:      layout_loops_ring, lemuel_coloured_pillars_altar,
          kennysheep_little_box, chequers_temple_overflow_minitemple,
          minmay_temple_entry_nine_rooms, trog_ov_bears_minmay, uniq_menkaure,
          uniq_duvessa
D:7:      layout_loops_ring, eat_drink_and_be_merry_uskayaw, lemuel_round_altar,
          vehumet_altar_wand_db, enter_ossuary_5
D:8:      layout_rooms, serial_shops, nicolae_shop_trees, blue_anna_alchemist
          [blue_anna_fruit_fields, blue_anna_fruit_fields]
D:9:      layout_long_grid, kennysheep_mini_moat, lair_entry_dummy, david_orc_2,
          grunt_decor_one_mirror, guppyfry_early_elven_hall
D:10:     layout_loops_corners, amethyst_killhole
D:11:     layout_gridville, serial_shops, shop, shop, shop
D:12:     layout_roguey, st_stairs_8
D:13:     layout_basic, grunt_ministairs_8, nicolae_elemental_shop, uniq_erolcha
D:14:     layout_roguey, david_vaults_5, grunt_decor_clamped
D:15:     gammafunk_enter_depths_forms, layout_grid_maze
Lair:1:   layout_hall_layers
Lair:2:   layout_chaotic_city, minmay_swamp_entry_worms, grunt_megastairs_5,
          infiniplex_staircase_pool_2, uniq_harold
Lair:3:   cheibrodos_lair_overgrown_chateau, layout_chaotic_city,
          uniq_prince_ribbit2, uniq_snorg, uniq_rupert
Lair:4:   layout_layer_cave, dummy_snake_entry, minmay_stone_trees_small
Lair:5:   layout_cave_pods, dpeg_slime_entry_corner
Lair:6:   gammafunk_lair_ancient_temple, layout_loops_ring,
          gauntlet_entry_generic
Swamp:1:  cheibrodos_swamp_monstrosity, layout_basic_swamp,
          nicolae_swamp_very_dense_foliage
Swamp:2:  layout_basic_swamp, evilmike_swamp_ruin_house_3, swamp_pool1
Orc:1:    layout_caves, basic_altar, serial_shops,
          nicolae_shop_overgrown_old_shop, uniq_jorgrun, uniq_nergalle
Orc:2:    grunt_orc_community_town_hall, layout_caves,
          grunt_orc_community_big_house_2, grunt_orc_community_big_house_2,
          grunt_orc_community_house_2, grunt_orc_community_house_2,
          grunt_orc_community_house_1, grunt_orc_community_house_3,
          mines2_lemuel

Skill      XL: |  1  2  3  4  5  6  7  8  9 10 11 12 13 14 15 |
---------------+----------------------------------------------+-----
Fighting       | 4 5 6 7 8 10 11 13 14 16 | 16.1
Shields        | 4 5 6 7 8 10 11 12 13 15 16 | 16.6
Armour         | 4 5 6 7 8 9 10 11 12 14 15 | 15.2
Long Blades    | 3 4 5 6 7 9 11 12 14 15 16 17 18 | 18.2
Dodging        | 1 2 3 4 |  4.3
Invocations    | 1 2 3 |  3.2
Stealth        | 1 |  1.1
Axes           | 1 4 |  4.6

Action                   |  1- 3 |  4- 6 |  7- 9 | 10-12 | 13-15 | 16-18 || total
-------------------------+-------+-------+-------+-------+-------+-------++-------
Melee: Long sword        |   128 |    86 |   510 |   473 |       |       ||  1197
       Headbutt          |    21 |    15 |   127 |   210 |   332 |    16 ||   721
       Scimitar          |       |       |       |   103 |       |       ||   103
       Double sword      |       |       |       |   170 |  1176 |    47 ||  1393
       Broad axe         |       |       |       |       |    52 |     7 ||    59
Invok: Heroism           |       |       |     3 |    17 |     5 |       ||    25
       Finesse           |       |       |       |       |     1 |       ||     1
Evoke: Wand              |       |       |       |       |     2 |       ||     2
  Use: Scroll            |       |     7 |     8 |    13 |    11 |       ||    39
       Potion            |       |       |     1 |     1 |     3 |       ||     5
 Stab: Confused          |       |       |       |       |       |     1 ||     1
  Eat: Chunk             |       |     5 |    16 |    17 |    38 |       ||    76
       Ration            |       |       |       |     2 |     1 |     1 ||     4
Armor: Scale mail        |    45 |    21 |    17 |       |       |       ||    83
       Plate armour      |       |       |   199 |   267 |   581 |    35 ||  1082
Dodge: Dodged            |    34 |    30 |   105 |   166 |   391 |    21 ||   747
       Deflected         |       |       |       |       |    10 |     2 ||    12
Block: Shield            |    68 |    43 |   268 |   450 |   902 |    54 ||  1785
       Rpst.: Long sword |    12 |     6 |    23 |    28 |       |       ||    69
       Scimitar          |       |       |       |     7 |       |       ||     7
       Double sword      |       |       |       |     9 |    76 |     2 ||    87

Table legend:
 A = Non-vault XP
 B = Vault XP
 C = Vault XP percentage of total XP
 D = Non-vault monster count
 E = Vault monster count
 F = Vault count percentage of total count
                 A         B        C        D         E       F
            +---------+---------+-------+---------+---------+-------
      Total |  107477 |   54407 |  33.6 |     621 |     194 |  23.8
            +---------+---------+-------+---------+---------+-------
        D:1 |      69 |       0 |   0.0 |      30 |       0 |   0.0
        D:2 |      89 |      36 |  28.8 |      29 |       1 |   3.3
        D:3 |     174 |       0 |   0.0 |       8 |       0 |   0.0
        D:4 |     441 |       0 |   0.0 |      22 |       0 |   0.0
        D:5 |     874 |       0 |   0.0 |      15 |       0 |   0.0
        D:6 |     373 |     647 |  63.4 |      13 |       5 |  27.8
        D:7 |     537 |       1 |   0.2 |      17 |       1 |   5.6
        D:8 |    1754 |      97 |   5.2 |      31 |       1 |   3.1
        D:9 |    3167 |    3474 |  52.3 |      25 |       9 |  26.5
       D:10 |    4931 |       0 |   0.0 |      52 |       0 |   0.0
       D:11 |    4453 |       0 |   0.0 |      33 |       0 |   0.0
       D:12 |    7153 |      72 |   1.0 |      43 |       1 |   2.3
       D:13 |    7049 |    2138 |  23.3 |      36 |       3 |   7.7
       D:14 |    6388 |    3354 |  34.4 |      26 |       7 |  21.2
       D:15 |   12700 |    2359 |  15.7 |      36 |       8 |  18.2
     Lair:1 |    2879 |     888 |  23.6 |      11 |       1 |   8.3
     Lair:2 |    3049 |    8182 |  72.9 |      15 |      10 |  40.0
     Lair:3 |    7521 |    6243 |  45.4 |      25 |      18 |  41.9
     Lair:4 |    4391 |       0 |   0.0 |      13 |       0 |   0.0
     Lair:5 |    9533 |       0 |   0.0 |      27 |       0 |   0.0
     Lair:6 |    3624 |    9552 |  72.5 |      13 |      25 |  65.8
    Swamp:1 |   12530 |    3069 |  19.7 |      34 |       1 |   2.9
    Swamp:2 |   10162 |       0 |   0.0 |      19 |       0 |   0.0
      Orc:1 |    1523 |     792 |  34.2 |      21 |       1 |   4.5
      Orc:2 |    2113 |    8561 |  80.2 |      27 |      64 |  70.3
    Ossuary |       0 |     910 | 100.0 |       0 |      30 | 100.0
   Gauntlet |       0 |    4032 | 100.0 |       0 |       8 | 100.0
            +---------+---------+-------+---------+---------+-------
